[ AOE2 MATCH · #462000412 ]
1v1 RMFranks vs Gurjaras
Player's team · WIN
Rival team · LOSS
[ REPLAY ANALYSIS · EXTRACTED FROM THE RECORDED GAME ]
Feudal
—
Castle
—
Imperial
—
| APM avg | 53.6 |
| APM peak | 83 |
| eAPM avg | 26.3 |
| Villagers / military | 82 / 127 |
Focus
⚔️ 34.2% · 🌾 65.8%
Spearman ×50 · Knight ×39 · Scout Cavalry ×20 · Monk ×13 · Battering Ram ×5 · Trade Cart ×1
Feudal
9:36
Castle
29:57
Imperial
—
| APM avg | 61.2 |
| APM peak | 126 |
| eAPM avg | 31.4 |
| Villagers / military | 69 / 35 |
Focus
⚔️ 30.1% · 🌾 69.9%
Camel Scout ×17 · Spearman ×9 · Scout Cavalry ×6 · Chakram Thrower ×2 · Militia ×1
Match map
Initial resources + every placement click. Lines = walls · curves = elevation contours. ◆ gold · ⬟ stone · ● berries · ✦ relic · ◌ wall gap
Inputs per minute
— Akiditya - - rms_0489
Build order — Akiditya
First 150 of 254 actions detected
| 0:00 | Create | Villager (Male) |
| 0:01 | Create | Villager (Male) |
| 0:01 | Create | Villager (Male) |
| 0:01 | Create | Villager (Male) |
| 0:02 | Build | House |
| 0:05 | Build | House |
| 1:30 | Create | Villager (Male) |
| 1:59 | Create | Villager (Male) |
| 1:59 | Create | Villager (Male) |
| 2:32 | Create | Villager (Male) |
| 2:32 | Create | Villager (Male) |
| 3:08 | Create | Villager (Male) |
| 3:08 | Create | Villager (Male) |
| 3:09 | Create | Villager (Male) |
| 3:09 | Create | Villager (Male) |
| 3:20 | Build | Lumber Camp |
| 3:37 | Create | Villager (Male) |
| 3:37 | Create | Villager (Male) |
| 3:37 | Create | Villager (Male) |
| 4:13 | Build | House |
| 4:29 | Create | Villager (Male) |
| 4:29 | Create | Villager (Male) |
| 4:39 | Create | Villager (Male) |
| 4:39 | Create | Villager (Male) |
| 4:57 | Build | Mill |
| 5:08 | Create | Villager (Male) |
| 5:08 | Create | Villager (Male) |
| 5:43 | Build | House |
| 5:52 | Create | Villager (Male) |
| 6:33 | Create | Villager (Male) |
| 6:48 | Research | Loom |
| 7:53 | Research | Feudal Age |
| 7:54 | Research | Feudal Age |
| 8:20 | Build | Barracks |
| 8:47 | Build | House |
| 9:00 | Build | Palisade Wall |
| 9:02 | Create | Villager (Male) |
| 9:21 | Build | House |
| 9:26 | Build | Building 800 |
| 9:45 | Build | House |
| 10:15 | Create | Villager (Male) |
| 12:23 | Build | Barracks |
| 13:01 | Build | Stable |
| 13:05 | Build | Farm |
| 13:07 | Build | Farm |
| 13:35 | Create | Villager (Male) |
| 13:50 | Create | Scout Cavalry |
| 13:50 | Create | Scout Cavalry |
| 13:50 | Create | Scout Cavalry |
| 13:51 | Create | Scout Cavalry |
| 13:51 | Create | Scout Cavalry |
| 13:52 | Create | Scout Cavalry |
| 14:12 | Build | Farm |
| 14:39 | Build | Lumber Camp |
| 15:10 | Create | Villager (Male) |
| 15:27 | Build | Farm |
| 15:38 | Create | Scout Cavalry |
| 15:50 | Create | Scout Cavalry |
| 15:52 | Create | Villager (Male) |
| 15:52 | Create | Villager (Male) |
| 15:53 | Create | Villager (Male) |
| 16:06 | Research | Double-Bit Axe |
| 16:33 | Create | Scout Cavalry |
| 16:34 | Create | Scout Cavalry |
| 16:39 | Build | Blacksmith |
| 16:49 | Build | House |
| 16:54 | Create | Villager (Male) |
| 17:02 | Build | Farm |
| 17:08 | Build | Farm |
| 17:42 | Build | Farm |
| 17:42 | Build | Farm |
| 17:42 | Build | Farm |
| 17:42 | Build | Farm |
| 17:42 | Build | Farm |
| 18:06 | Create | Scout Cavalry |
| 18:32 | Research | Scale Barding Armor |
| 18:49 | Create | Villager (Male) |
| 18:59 | Build | Farm |
| 19:00 | Build | Farm |
| 19:00 | Build | Farm |
| 19:00 | Build | Farm |
| 19:00 | Build | Farm |
| 19:03 | Build | Mill |
| 19:17 | Create | Villager (Male) |
| 19:17 | Create | Villager (Male) |
| 19:20 | Create | Villager (Male) |
| 19:22 | Build | Farm |
| 19:22 | Build | Farm |
| 19:22 | Build | Farm |
| 19:24 | Create | Villager (Male) |
| 20:12 | Build | House |
| 20:13 | Build | House |
| 20:15 | Create | Villager (Male) |
| 20:18 | Build | Farm |
| 20:19 | Build | Farm |
| 20:19 | Build | Farm |
| 20:21 | Create | Villager (Male) |
| 20:38 | Research | Forging |
| 21:08 | Create | Villager (Male) |
| 21:13 | Create | Villager (Male) |
| 21:23 | Create | Villager (Male) |
| 21:26 | Build | Farm |
| 21:35 | Build | Mining Camp |
| 21:38 | Create | Villager (Male) |
| 21:55 | Create | Scout Cavalry |
| 21:55 | Create | Scout Cavalry |
| 21:57 | Create | Scout Cavalry |
| 22:11 | Create | Scout Cavalry |
| 22:38 | Create | Scout Cavalry |
| 22:42 | Create | Villager (Male) |
| 22:47 | Research | Gold Mining |
| 22:53 | Build | Stable |
| 23:16 | Create | Scout Cavalry |
| 23:17 | Create | Scout Cavalry |
| 23:30 | Build | Market |
| 23:32 | Build | House |
| 23:33 | Build | House |
| 24:01 | Create | Scout Cavalry |
| 24:02 | Create | Scout Cavalry |
| 24:28 | Create | Villager (Male) |
| 24:28 | Create | Villager (Male) |
| 24:52 | Build | House |
| 24:53 | Build | House |
| 25:05 | Research | Castle Age |
| 25:14 | Build | House |
| 25:14 | Build | House |
| 25:15 | Build | House |
| 26:26 | Create | Villager (Male) |
| 26:48 | Build | House |
| 26:49 | Build | House |
| 27:09 | Create | Villager (Male) |
| 27:14 | Research | Wheelbarrow |
| 27:15 | Research | Town Watch |
| 27:48 | Research | Chain Barding Armor |
| 27:49 | Research | Iron Casting |
| 27:52 | Research | Husbandry |
| 27:54 | Create | Knight |
| 27:54 | Create | Knight |
| 28:06 | Build | Town Center |
| 28:09 | Create | Villager (Male) |
| 28:09 | Create | Villager (Male) |
| 28:27 | Build | Stable |
| 28:39 | Build | Monastery |
| 28:50 | Create | Knight |
| 28:51 | Create | Knight ×2 |
| 28:51 | Create | Knight |
| 28:51 | Create | Knight |
| 28:56 | Build | Monastery |
| 28:58 | Create | Villager (Male) |
| 29:15 | Build | Siege Workshop |
Build order — rms_0489
First 150 of 177 actions detected
| 0:01 | Create | Villager (Male) |
| 0:01 | Create | Villager (Male) |
| 0:01 | Create | Villager (Male) |
| 0:02 | Create | Villager (Male) |
| 0:02 | Create | Villager (Male) |
| 0:02 | Create | Villager (Male) |
| 0:04 | Build | House |
| 0:07 | Build | House |
| 1:17 | Create | Villager (Male) |
| 1:17 | Create | Villager (Male) |
| 1:21 | Build | Mill |
| 1:49 | Create | Villager (Male) |
| 1:49 | Create | Villager (Male) |
| 2:23 | Create | Villager (Male) |
| 2:23 | Create | Villager (Male) |
| 3:10 | Create | Villager (Male) |
| 3:10 | Create | Villager (Male) |
| 3:10 | Create | Villager (Male) |
| 3:28 | Create | Villager (Male) |
| 3:28 | Create | Villager (Male) |
| 3:44 | Build | Lumber Camp |
| 4:11 | Create | Villager (Male) |
| 4:11 | Create | Villager (Male) |
| 4:11 | Create | Villager (Male) |
| 4:20 | Create | Villager (Male) |
| 4:20 | Create | Villager (Male) |
| 4:22 | Create | Villager (Male) |
| 4:22 | Create | Villager (Male) |
| 4:37 | Create | Villager (Male) |
| 4:37 | Create | Villager (Male) |
| 5:00 | Build | House |
| 5:48 | Create | Villager (Male) |
| 6:24 | Research | Loom |
| 7:02 | Research | Feudal Age |
| 7:44 | Build | Mining Camp |
| 7:57 | Build | House |
| 8:35 | Create | Villager (Male) |
| 8:58 | Create | Villager (Male) |
| 9:36 | Age | Feudal Age |
| 9:42 | Build | Watch Tower |
| 9:46 | Create | Villager (Male) |
| 9:50 | Build | House |
| 10:51 | Build | Watch Tower |
| 10:59 | Create | Villager (Male) |
| 11:00 | Create | Villager (Male) |
| 11:07 | Build | House |
| 11:08 | Build | House |
| 11:10 | Build | House |
| 11:16 | Create | Villager (Male) |
| 11:53 | Build | Watch Tower |
| 12:06 | Build | Farm |
| 12:15 | Create | Villager (Male) |
| 12:19 | Build | Farm |
| 12:19 | Build | Farm |
| 12:19 | Build | Farm |
| 12:48 | Build | Mill |
| 13:04 | Create | Villager (Male) |
| 13:25 | Build | Watch Tower |
| 13:29 | Create | Villager (Male) |
| 13:58 | Create | Villager (Male) |
| 14:07 | Create | Villager (Male) |
| 14:16 | Create | Villager (Male) |
| 14:27 | Build | Mining Camp |
| 15:06 | Create | Villager (Male) |
| 15:46 | Build | Watch Tower |
| 15:49 | Create | Villager (Male) |
| 15:49 | Create | Villager (Male) |
| 15:53 | Create | Villager (Male) |
| 16:15 | Create | Villager (Male) |
| 16:21 | Build | Blacksmith |
| 16:38 | Build | Building 804 |
| 17:02 | Build | House |
| 17:04 | Build | Palisade Wall |
| 17:05 | Build | Palisade Wall |
| 17:08 | Build | Palisade Wall |
| 17:17 | Build | Palisade Wall |
| 17:20 | Build | Palisade Wall |
| 17:22 | Build | Palisade Wall |
| 17:26 | Build | Palisade Wall |
| 17:43 | Build | Palisade Wall |
| 17:53 | Create | Villager (Male) |
| 17:56 | Build | Palisade Wall |
| 18:16 | Create | Villager (Male) |
| 19:46 | Create | Villager (Male) |
| 20:16 | Build | Barracks |
| 20:28 | Build | Palisade Wall |
| 20:29 | Build | Palisade Wall |
| 20:32 | Build | Palisade Wall |
| 20:53 | Build | Palisade Wall |
| 20:55 | Build | Palisade Wall |
| 20:58 | Build | Palisade Wall |
| 21:16 | Create | Villager (Male) |
| 21:19 | Create | Spearman |
| 21:19 | Create | Spearman |
| 21:20 | Create | Spearman |
| 21:26 | Build | Palisade Wall |
| 22:01 | Create | Villager (Male) |
| 22:15 | Create | Villager (Male) |
| 22:21 | Create | Spearman |
| 22:47 | Build | Palisade Wall |
| 23:21 | Create | Spearman |
| 23:21 | Create | Spearman |
| 23:21 | Create | Spearman |
| 23:31 | Build | Palisade Wall |
| 23:32 | Build | Palisade Wall |
| 23:42 | Create | Villager (Male) |
| 24:17 | Build | Watch Tower |
| 24:21 | Create | Militia |
| 24:29 | Build | Farm |
| 24:32 | Create | Villager (Male) |
| 24:41 | Create | Villager (Male) |
| 25:32 | Build | Market |
| 25:42 | Create | Villager (Male) |
| 25:50 | Build | Palisade Wall |
| 25:52 | Build | Palisade Wall |
| 25:55 | Build | Palisade Wall |
| 25:56 | Build | Palisade Wall |
| 26:08 | Create | Spearman |
| 26:09 | Create | Spearman |
| 26:24 | Build | Farm |
| 26:24 | Build | Farm |
| 26:40 | Build | Palisade Wall |
| 27:02 | Create | Villager (Male) |
| 27:03 | Create | Villager (Male) |
| 27:17 | Research | Castle Age |
| 27:35 | Build | Stable |
| 27:46 | Build | Stable |
| 28:04 | Build | Palisade Wall |
| 28:06 | Build | Palisade Wall |
| 28:07 | Build | Palisade Wall |
| 28:10 | Build | Palisade Wall |
| 28:11 | Build | Palisade Wall |
| 28:49 | Create | Scout Cavalry |
| 29:05 | Create | Villager (Male) |
| 29:57 | Age | Castle Age |
| 29:59 | Create | Camel Scout ×4 |
| 30:00 | Create | Camel Scout ×4 |
| 31:15 | Create | Camel Scout ×2 |
| 31:15 | Create | Camel Scout ×2 |
| 31:49 | Create | Camel Scout |
| 31:49 | Create | Camel Scout |
| 31:49 | Create | Camel Scout |
| 32:23 | Create | Scout Cavalry |
| 32:23 | Create | Scout Cavalry |
| 32:25 | Create | Villager (Male) |
| 32:59 | Create | Villager (Male) |
| 33:10 | Build | Town Center |
| 34:42 | Create | Scout Cavalry |
| 34:43 | Create | Scout Cavalry |
| 34:43 | Create | Scout Cavalry |
Match timeline
| 8:20 | Akiditya · first_building Barracks |
| 9:00 | Akiditya · wall_segment Palisade Wall x4 |
| 9:36 | rms_0489 · age_up feudal |
| 13:01 | Akiditya · first_building Stable |
| 17:04 | rms_0489 · wall_segment Palisade Wall x1 |
| 17:05 | rms_0489 · wall_segment Palisade Wall x1 |
| 17:08 | rms_0489 · wall_segment Palisade Wall x1 |
| 17:17 | rms_0489 · wall_segment Palisade Wall x1 |
| 17:20 | rms_0489 · wall_segment Palisade Wall x1 |
| 17:22 | rms_0489 · wall_segment Palisade Wall x1 |
| 17:26 | rms_0489 · wall_segment Palisade Wall x1 |
| 17:43 | rms_0489 · wall_segment Palisade Wall x1 |
| 17:56 | rms_0489 · wall_segment Palisade Wall x1 |
| 20:16 | rms_0489 · first_building Barracks |
| 20:28 | rms_0489 · wall_segment Palisade Wall x1 |
| 20:29 | rms_0489 · wall_segment Palisade Wall x1 |
| 20:32 | rms_0489 · wall_segment Palisade Wall x1 |
| 20:53 | rms_0489 · wall_segment Palisade Wall x1 |
| 20:55 | rms_0489 · wall_segment Palisade Wall x1 |
| 20:58 | rms_0489 · wall_segment Palisade Wall x1 |
| 21:26 | rms_0489 · wall_segment Palisade Wall x1 |
| 22:47 | rms_0489 · wall_segment Palisade Wall x1 |
| 23:31 | rms_0489 · wall_segment Palisade Wall x1 |
| 23:32 | rms_0489 · wall_segment Palisade Wall x1 |
| 24:57 | Akiditya · first_market_sell 100 wood |
| 25:50 | rms_0489 · wall_segment Palisade Wall x1 |
| 25:52 | rms_0489 · wall_segment Palisade Wall x1 |
| 25:55 | rms_0489 · wall_segment Palisade Wall x1 |
| 25:56 | rms_0489 · wall_segment Palisade Wall x2 |
| 26:40 | rms_0489 · wall_segment Palisade Wall x1 |
| 27:13 | rms_0489 · first_market_buy 100 food |
| 27:35 | rms_0489 · first_building Stable |
| 28:04 | rms_0489 · wall_segment Palisade Wall x1 |
| 28:06 | rms_0489 · wall_segment Palisade Wall x1 |
| 28:07 | rms_0489 · wall_segment Palisade Wall x1 |
| 28:10 | rms_0489 · wall_segment Palisade Wall x1 |
| 28:11 | rms_0489 · wall_segment Palisade Wall x1 |
| 28:39 | Akiditya · first_building Monastery |
| 29:13 | rms_0489 · first_market_sell 500 stone |
| 29:15 | Akiditya · first_building Siege Workshop |
| 29:57 | rms_0489 · age_up castle |
| 35:00 | Akiditya · first_market_buy 100 wood |
| 40:22 | rms_0489 · first_building Castle |
| 41:40 | rms_0489 · resign |
[ AI ANALYSIS · 1 CREDIT ]
What really happened in this match?
Wolo.gg analyzes every decision: build order, eco, micro, common mistakes by bracket. Personalized analysis on WhatsApp or Discord in 30 seconds.
Civ guide
Franks
Map guide
Haboob
Perfil
Jugador #2007121